 Dungeon Crawl Stone Soup version 0.29.1-2-gbd0b4ee654 (webtiles) character file.

Game seed: 5460845741908194936

4359 hawla the Zephyrmancer (level 10, -1/75 (78) HPs)
             Began as a Meteoran Air Elementalist on Dec 1, 2022.
             Slain by a wight
             ... wielding a +3 mace
              (5 damage)
             ... on level 7 of the Dungeon.
             The game lasted 00:23:36 (2889 turns).

hawla the Zephyrmancer (Meteoran Air Elementalist)  Turns: 2889, Time: 00:23:36

HP:   -1/75 (78)    AC: 10    Str:  9    XL:     10   Next: 90%
MP:   24/24         EV: 15    Int: 20    God:
Gold: 218           SH:  0    Dex: 20    Spells: 19/28 levels left

rFire   + . .      SeeInvis .   k - +5 quarterstaff (freeze)
rCold   . . .      Faith    .   (shield currently unavailable)
rNeg    . . .      Spirit   .   a - +1 robe
rPois   .          Reflect  .   (no helmet)
rElec   .          Harm     .   l - +2 cloak {Will+}
rCorr   .          Rampage  .   u - +0 pair of gloves {Dex+3}
Will    ++...                   q - +2 pair of boots
Stlth   +.........              (no amulet)
HPRegen 0.22/turn               m - ring of protection from fire
MPRegen 0.19/turn               n - +4 ring of slaying

@: flying, glowing, lightly drained
A: sense surroundings 2, otherworldly, glowing, explore regen
a: no special abilities


You were on level 7 of the Dungeon.
You visited 1 branch of the dungeon, and saw 8 of its levels.
You also visited: Bailey.

You collected 218 gold pieces.

Inventory:

Hand Weapons
 f - the +1 dagger of Callousness {drain, rElec SInv}
   (You took it off an orc wizard on level 6 of the Dungeon)

   A truly terrible weapon, it drains the life of any living foe it strikes.
   rElec:     It insulates you from electricity.
   SInv:      It lets you see invisible.
 i - a +5 executioner's axe of venom
 k - a +5 quarterstaff of freezing (weapon)
Armour
 a - a +1 robe (worn)
 l - a +2 cloak of willpower (worn)
 q - a +2 pair of boots (worn)
 u - a +0 pair of gloves of dexterity (worn)
Jewellery
 m - a ring of protection from fire (left hand)
 n - a +4 ring of slaying (right hand)
 r - the macabre finger necklace {rN+}
   (You found it in a bailey)

   [amulet of nothing]

   It enables you to equip an extra ring.
   rN:        It protects you from negative energy.
Wands
 c - a wand of digging (7)
 h - a wand of paralysis (11) (quivered)
Scrolls
 e - a scroll of identify
 s - a scroll of magic mapping
 v - a scroll of fear
Potions
 b - a potion of resistance {unknown}
 d - a potion of might
 g - a potion of attraction
 j - a potion of magic
 p - a potion of flight


   Skills:
 + Level 3.6 Fighting
 + Level 0.4 Short Blades
 + Level 1.1 Axes
 + Level 5.3 Staves
 + Level 4.9 Dodging
 - Level 1.4 Stealth
 + Level 9.6 Spellcasting
 + Level 6.1 Conjurations
 + Level 10.5 Air Magic
 + Level 3.3 Poison Magic
 + Level 2.2 Evocations


You had 19 spell levels left.
You knew the following spells:

 Your Spells              Type           Power      Damage    Failure   Level
b - Static Discharge      Conj/Air       43%        3-9/arc   1%          2
c - Mephitic Cloud        Conj/Pois/Air  36%        N/A       1%          3
d - Airstrike             Air            25%        2d(4-20)  1%          4

Your spell library contained the following spells:

 Spells                   Type           Power      Damage    Failure   Level
 Magic Dart               Conj           100%       1d8       1%          1
 Shock                    Conj/Air       100%       1d9       1%          1
 Swiftness                Air            51%        N/A       1%          3
 Dazzling Flash           Conj/Hex       42%        N/A       6%          3
 Call Imp                 Summ           9%         N/A       11%         2
 Gell's Gravitas          Tloc           9%         N/A       22%         3
 Teleport Other           Tloc           9%         N/A       22%         3
 Silence                  Hex/Air        15%        N/A       22%         5
 Agony                    Necr           9%         N/A       89%         5
 Dispersal                Tloc           4%         N/A       100%        6


Dungeon Overview and Level Annotations

Branches:
Dungeon (8/15) Zot: 2198   Temple (0/1) D:7          Bailey (visited)
   Lair: D:8-11

Altars:
Nemelex Xobeh
Qazlal
Trog

Shops:
D:2 !


Innate Abilities, Weirdness & Mutations

You passively map the area around you.
You are easily found by Zot.
You glow in the dark.
You regain HP and MP as you explore.


Message History

The wight hits you with a +0 dagger.
* * * LOW HITPOINT WARNING * * *
The wight closely misses you. The wight attacks as you move away!
The wight hits you with a +0 dagger.
* * * LOW HITPOINT WARNING * * *
The wight closely misses you. The wight attacks as you move away!
The wight hits you but does no damage. The wight attacks as you move away!
The wight hits you with a +0 morningstar.
* * * LOW HITPOINT WARNING * * *
Your +5 executioner's axe of venom stops dripping with poison.
Your +5 quarterstaff of freezing glows with a cold blue light!
k - a +5 quarterstaff of freezing (weapon)
The wight closely misses you. The wight attacks as you move away!
The wight hits you with a +0 morningstar.
* * * LOW HITPOINT WARNING * * *
The wight attacks as you move away! The wight closely misses you.
You feel better. The wight hits you but does no damage.
The wight hits you with a +0 dagger!
* * * LOW HITPOINT WARNING * * *
The wight attacks as you move away! The wight hits you with a +3 mace.
* * * LOW HITPOINT WARNING * * *
There is a stone staircase leading down here.
The wight misses you. The wight hits you with a +3 mace.
* * * LOW HITPOINT WARNING * * *
The wight closely misses you.
You climb downwards.
There is a stone staircase leading up here.
The wight misses you. x2
There is a stone staircase leading up here.
The wight misses you. The wight barely misses you. The wight misses you.
You climb upwards.
There is a stone staircase leading down here.
Unknown command.
It was a potion of flight.
You feel very buoyant.
You fly up into the air.
The wight misses you. The wight barely misses you.
The wight hits you with a +3 mace.
You die...

*,*****
#.........###.## #
*,,,,,*
#.........##...###
*****,*
###.###......#....
*,*
#.########...#*#
*,* #.#.........##
*,* #.#.#######.#
*,* #.#.# #.#
*,*####.#.# #.#
*,*#z@z.#.# #.#
#.##z####.# #.#
#.........#######.#
**
####.#.#........).#
*, #.#.############
*, #.#.#.## *,
#.#..#.########***,
#...###........,,,,
#.#..#.########***,


You could see 3 wights.

Vanquished Creatures
  An orc warlord (Bailey)
  Pikel (D:5)
  A kobold demonologist (D:7)
  A wyvern (D:5)
  Edmund (D:5)
  4 water moccasins
  A black bear (D:4)
  4 orc warriors (Bailey)
  An ice beast (D:7)
  A sky beast (D:6)
  2 ogres
  A centaur (D:5)
  2 phantoms
  3 kobold brigands (D:7)
  A gnoll sergeant (D:6)
  A wight (D:7)
  4 killer bees (D:7)
  A jelly (D:4)
  Crazy Yiuf (D:4)
  2 orc priests (D:6)
  6 iguanas
  3 orc wizards (D:6)
  6 gnolls
  8 adders
  A shadow imp (D:8)
  2 ufetubi
  2 worms (D:4)
  A dart slug (D:4)
  7 orcs
  4 endoplasms
  A giant cockroach (D:4)
  12 goblins
  4 hobgoblins (Bailey)
  2 jackals (D:4)
  A quokka (D:5)
  5 ball pythons
  2 frilled lizards
  12 kobolds
113 creatures vanquished.

Notes
Turn   | Place    | Note
-------+----------+-------------------------------------------
     0 | D:1      | hawla the Meteoran Air Elementalist began the quest for the
                  | Orb.
     0 | D:1      | Reached XP level 1. HP: 14/14 MP: 5/5
   104 | D:1      | Reached XP level 2. HP: 13/20 MP: 0/7
   156 | D:2      | Found Neawast's Distillery.
   224 | D:3      | Learned a level 2 spell: Static Discharge
   235 | D:3      | Reached skill level 4 in Air Magic
   248 | D:3      | Found a stormy altar of Qazlal.
   289 | D:4      | Reached XP level 3. HP: 17/26 MP: 1/8
   350 | D:4      | Reached XP level 4. HP: 29/33 MP: 0/10
   354 | D:4      | Learned a level 3 spell: Mephitic Cloud
   428 | D:5      | Entered Level 5 of the Dungeon
   506 | D:4      | Reached XP level 5. HP: 16/38 MP: 6/11
   586 | D:4      | Reached skill level 5 in Air Magic
   625 | D:4      | Learned a level 4 spell: Airstrike
   642 | D:4      | Found a bloodstained altar of Trog.
   653 | D:4      | Noticed a black bear
   657 | D:4      | Killed a black bear
   658 | D:4      | Reached skill level 6 in Air Magic
   658 | D:4      | Reached XP level 6. HP: 45/45 MP: 2/12
   772 | D:4      | Found a runed translucent door.
   773 | D:4      | Noticed Crazy Yiuf
   830 | D:4      | Found a sparkling altar of Nemelex Xobeh.
   882 | D:4      | Killed Crazy Yiuf
  1201 | D:5      | Noticed Pikel
  1230 | D:5      | Killed Pikel
  1231 | D:5      | Reached skill level 1 in Fighting
  1231 | D:5      | Reached skill level 1 in Staves
  1231 | D:5      | Reached skill level 5 in Spellcasting
  1231 | D:5      | Reached skill level 7 in Air Magic
  1231 | D:5      | Reached XP level 7. HP: 26/52 MP: 1/15
  1231 | D:5      | Reached XP level 8. HP: 29/59 MP: 1/16
  1332 | D:5      | Noticed a wyvern
  1336 | D:5      | Killed a wyvern
  1442 | D:5      | Noticed Edmund
  1464 | D:5      | Killed Edmund
  1465 | D:5      | Reached skill level 5 in Conjurations
  1465 | D:5      | Gained mutation: You passively map the area around you.
                  | [Meteoran growth]
  1465 | D:5      | Reached XP level 9. HP: 30/68 MP: 3/19
  1738 | D:6      | Reached skill level 8 in Air Magic
  1819 | D:6      | Identified the +1 dagger of Callousness {drain, rElec SInv}
  2293 | D:7      | Noticed a kobold demonologist
  2355 | D:7      | Found a flagged portal.
  2374 | Bailey   | Entered a bailey
  2379 | Bailey   | Noticed an orc warlord
  2427 | Bailey   | Reached skill level 9 in Air Magic
  2427 | Bailey   | Reached XP level 10. HP: 54/77 MP: 4/23
  2439 | Bailey   | Found a runed translucent gate.
  2439 | Bailey   | Found a runed translucent gate.
  2439 | Bailey   | Found a runed translucent gate.
  2555 | Bailey   | Found the macabre finger necklace {rN+}
  2637 | Bailey   | Killed an orc warlord
  2638 | Bailey   | Reached skill level 10 in Air Magic
  2686 | D:7      | Acquired a +0 pair of gloves of dexterity
  2854 | D:7      | Reached skill level 5 in Staves
  2854 | D:7      | Killed a kobold demonologist
  2856 | D:7      | Found a staircase to the Ecumenical Temple.
  2862 | D:7      | Reached skill level 1 in Axes
  2884 | D:7      | HP: 2/75 [wight/+3 mace (6)]
  2889 | D:7      | Slain by a wight

Illustrated notes

Levels and vault maps discovered:
D:1:      ncdulo_wetmaze, layout_basic
D:2:      layout_rooms, serial_shops, shop, shop
D:3:      layout_loops_cross, nicolae_overflow_hidden_temple,
          shapermc_ecumenical_altar_acropolis, minivault_19,
          minmay_misc_feat_more_columns, minmay_misc_feat_roman, hex_tiny,
          minmay_cupped
D:4:      minmay_diamond_boxcup, layout_cave_pools, nemelex_dance_club_becter,
          bloody_trog, uniq_crazy_yiuf_cottage
D:5:      layout_basic, uniq_pikel, uniq_edmund
D:6:      layout_rooms
D:7:      layout_loops_ring, minmay_temple_entry_mini_moons, enter_bailey_3,
          hellmonk_guarded_unrand_gong
D:8:      layout_basic, erik_lair_orcish_takeover

Skill      XL: |  1  2  3  4  5  6  7  8  9 10 |
---------------+-------------------------------+-----
Spellcasting   | 3 5 6 8 9 |  9.6
Air Magic      | 4 6 7 9 10 | 10.5
Conjurations   | 2 3 4 5 6 |  6.1
Poison Magic   | 2 3 |  3.3
Evocations     | 2 |  2.2
Fighting       | 1 2 3 |  3.6
Staves         | 1 2 3 5 |  5.3
Dodging        | 3 4 |  4.9
Axes           | 1 |  1.1
Short Blades   | |  0.4
Stealth        | |  1.4

Action                   |  1- 3 |  4- 6 |  7- 9 | 10-12 || total
-------------------------+-------+-------+-------+-------++-------
Melee: Unarmed           |    15 |     8 |       |       ||    23
       Quarterstaff      |       |     6 |    53 |    28 ||    87
       Dagger            |       |       |    21 |       ||    21
       Executioner's axe |       |       |       |     9 ||     9
 Cast: Shock             |    33 |    17 |     3 |       ||    53
       Static Discharge  |     5 |    15 |    29 |     6 ||    55
       Mephitic Cloud    |       |     6 |    17 |     3 ||    26
       Airstrike         |       |     7 |    23 |    11 ||    41
Evoke: Wand              |       |     1 |       |       ||     1
  Use: Scroll            |       |     4 |     7 |     5 ||    16
       Potion            |       |     3 |     3 |     3 ||     9
 Stab: Paralysed         |       |       |     2 |       ||     2
       Confused          |       |       |     1 |     2 ||     3
Armor: Robe              |     5 |    19 |    38 |    20 ||    82
       Skin              |       |       |    20 |       ||    20
Dodge: Dodged            |     7 |    33 |    69 |    37 ||   146
